 Dungeon Crawl Stone Soup version 0.30.1 (webtiles) character file.

Game seed: 773949896109637031

9996 Graphine the Nimble (level 11, -3/86 HPs)
             Began as a Merfolk Brigand on July 6, 2023.
             Was a Priest of Wu Jian.
             Engulfed by a cloud of poison gas (8 damage)
             ... on level 10 of the Dungeon.
             The game lasted 00:34:52 (10571 turns).

Graphine the Nimble (Merfolk Brigand)              Turns: 10571, Time: 00:34:52

Health: -3/86      AC:  8    Str: 11    XL:     11   Next: 55%
Magic:  18/25      EV: 18    Int: 11    God:    Wu Jian [***...]
Gold:   574        SH:  0    Dex: 20    Spells: 8/17 levels left

rFire   . . .        J - +2 rapier (drain)
rCold   . . .        (no shield)
rNeg    . . .        H - +1 troll leather armour
rPois   .            j - +1 helmet
rElec   .            a - scarf {+Inv}
rCorr   .            o - +0 pair of gloves
SInv    .            (no boots)
Will    +....        (no amulet)
Stlth   ++++         l - ring of willpower
HPRegen 1.14/turn    u - ring of magical power
MPRegen 0.19/turn

%: no passive effects
@: lethally poisoned (-3 -> -12)
A: (nimble swimmer 2), mertail
a: Renounce Religion, Evoke Invisibility, Wall Jump, Serpent's Lash


You were on level 10 of the Dungeon.
You worshipped Wu Jian.
Wu Jian was most pleased with you.
You visited 1 branch of the dungeon, and saw 10 of its levels.

You collected 916 gold pieces.
You spent 342 gold pieces at shops.

Inventory:

Hand Weapons
 n - a +4 short sword
 D - a +2 bardiche of freezing
 J - a +2 rapier of draining (weapon)
Missiles
 d - 20 poisoned darts (quivered)
 i - 12 boomerangs
 s - a throwing net
Armour
 a - a scarf of invisibility (worn)
 f - the scarf "Vipytiru" {+Inv, -Cast *Slow rC+++ rN+}
   (You acquired it on level 2 of the Dungeon)

   rC:        It renders you almost immune to cold.
   rN:        It protects you from negative energy.
   -Cast:     It prevents spellcasting.
   *Slow:     It may slow you when you take damage.
 h - a +2 robe
 j - a +1 helmet (worn)
 o - a +0 pair of gloves (worn)
 H - a +1 troll leather armour (worn)
Magical Staves
 r - a staff of poison
Jewellery
 l - a ring of willpower (left hand)
 p - a ring of ice
 u - a ring of magical power (right hand)
 v - a ring of protection from cold
 C - an amulet of faith
Wands
 t - a wand of charming (6)
 B - a wand of iceblast (4)
 F - a wand of polymorph (16)
Scrolls
 e - 2 scrolls of identify
 k - 2 scrolls of vulnerability
 q - a scroll of teleportation
Potions
 b - 2 potions of lignification {unknown}
 c - 4 potions of heal wounds
 m - 4 potions of brilliance
 w - a potion of cancellation {unknown}
 x - 3 potions of attraction {unknown}
 z - a potion of resistance {unknown}
 A - 2 potions of haste
 I - a potion of mutation {unknown}


   Skills:
 + Level 8.0 Fighting
 * Level 7.8 Short Blades
 + Level 5.5 Throwing
 + Level 1.3 Armour
 * Level 9.8 Dodging
 + Level 7.8 Stealth
 + Level 3.9 Spellcasting
 - Level 6.0 Hexes
 + Level 6.2 Ice Magic
 - Level 0.1 Poison Magic
 + Level 4.6 Evocations


You had 8 spell levels left.
You knew the following spells:

 Your Spells              Type           Power      Damage    Failure   Level
a - Ensorcelled Hibernat  Hex/Ice        30%        N/A       3%          2
b - Slow                  Hex            60%        N/A       2%          1
c - Confusing Touch       Hex            15%        N/A       9%          3
d - Tukima's Dance        Hex            15%        N/A       9%          3

Your spell library contained the following spells:

 Spells                   Type           Power      Damage    Failure   Level
 Sting                    Tmut/Pois      8%         1d3       30%         1
 Blink                    Tloc           4%         N/A       43%         2
 Lesser Beckoning         Tloc           4%         N/A       43%         2
 Momentum Strike          Conj/Tloc      4%         3d8       43%         2
 Poisonous Vapours        Pois/Air       4%         N/A       43%         2
 Static Discharge         Conj/Air       4%         2-3/arc   43%         2
 Spider Form              Tmut/Pois      2%         N/A       67%         3
 Vampiric Draining        Necr           2%         2d6       67%         3
 Anguish                  Hex/Necr       4%         N/A       67%         4
 Yara's Violent Unravell  Hex/Tmut       4%         3d4       95%         5
 Olgreb's Toxic Radiance  Pois           2%         N/A       96%         4
 Airstrike                Air            1%         2d(1-17)  97%         4
 Passage of Golubria      Tloc           2%         N/A       97%         4
 Summon Lightning Spire   Summ/Air       2%         N/A       97%         4


Dungeon Overview and Level Annotations

Branches:
Dungeon (10/15)            Temple (0/1) D:6            Lair (0/5) D:10
    Orc (0/2) D:9

Altars:
Ashenzari
Cheibriados
Dithmenos
Elyvilon
Qazlal
Uskayaw
Vehumet
Wu Jian

Shops:
D:7 ?=!(   D:9 ([(


Innate Abilities, Weirdness & Mutations

((You are very nimble when in or above water. (Stealth+, EV+, Speed+++)))
Your lower body shifts to a powerful aquatic tail in water.


Message History

Confirm with . or Enter, or press ? or * to list all spells.
Aiming: Ensorcelled Hibernation (safe; 3% risk of failure)
Press: ? - help, Shift-Dir - straight line, f - slime creature
Aim: a slime creature (wandering, hasn't noticed you, chance to affect: 31%)
The slime creature is unaffected.
The slime creature quivers.
Two slime creatures merge to form a large slime creature.
Casting: Ensorcelled Hibernation (safe; 3% risk of failure)
Confirm with . or Enter, or press ? or * to list all spells.
Aiming: Ensorcelled Hibernation (safe; 3% risk of failure)
Press: ? - help, Shift-Dir - straight line, f/p - slime creature
Aim: a slime creature (chance to affect: 31%)
The large slime creature is unaffected.
The large slime creature hits you!!!
You hear a shout!
Casting: Ensorcelled Hibernation (safe; 3% risk of failure)
Confirm with . or Enter, or press ? or * to list all spells.
Aiming: Ensorcelled Hibernation (safe; 3% risk of failure)
Press: ? - help, Shift-Dir - straight line, f - large slime creature, p - slime creature
Aim: a large slime creature (chance to affect: 31%)
The large slime creature looks drowsy...
Two slime creatures merge to form a very large slime creature.
The very large slime creature attacks as you move away!
The very large slime creature hits you!!
* * * LOW HITPOINT WARNING * * *
You hear a shout!
The very large slime creature attacks as you move away!
The very large slime creature closely misses you.
The very large slime creature attacks as you move away!
The very large slime creature closely misses you.
The air fills with toxic fumes!
As you read the scroll labelled GIOD AR KUOLIH, it crumbles to dust.
It was a scroll of poison.
The very large slime creature hits you!
* * * LOW HITPOINT WARNING * * *
Blink to where?
Press: ? - help, Dir - move target, p - very large slime creature Really blink into that cloud of poison gas?
As you read the scroll labelled KEBRER PIAL, it crumbles to dust.
It was a scroll of blinking.
You are engulfed in poison gas.
You are lethally poisoned!
You die...

........#.)#....#§§§§§#
........#..#....#§§§§§#
........#>.'....#§§§§§#
........+..#....#J§§§§+
........##+#.[..#§§§§§##+
####............#§§§§§§§§
#.........#..#§§§§§§§§
#........###.§§§§§§§§§
+....##..# #.@##§§§§§§
#....###..#..## §§§§§§
#..... #.....# ...... ##
........ ...##. ..
#........ ... ..
##..._...# ..# ..
#......... .. ..........
.#


You could see a very large slime creature.

Vanquished Creatures
  A centaur warrior (D:8)
  A boulder beetle (D:8)
  3 two-headed ogres
  An ugly thing (D:8)
  A hornet (D:6)
  Prince Ribbit (D:7)
  A troll (D:8)
  A slime creature (D:10)
  Sigmund (D:3)
  3 yaks
  2 wyverns
  A steam dragon (D:8)
  2 wraiths
  2 vampire mosquitoes (D:10)
  An acid dragon (D:10)
  3 water moccasins
  A floating eye (D:10)
  2 ice beasts
  3 orc warriors (D:9)
  3 black bears
  An ogre (D:5)
  7 centaurs
  A phantom (D:4)
  2 kobold brigands
  2 bullfrogs
  A gnoll sergeant (D:8)
  4 wights
  7 scorpions
  5 killer bees (D:7)
  An electric eel (D:8)
  7 howler monkeys
  5 hounds
  3 gnoll boudas
  3 orc priests
  2 sleepcaps
  3 iguanas
  7 orc wizards
  12 adders
  11 gnolls
  2 white imps
  2 worms
  A dart slug (D:3)
  21 orcs
  3 bats
  3 endoplasms
  2 giant cockroaches
  10 goblins
  6 hobgoblins
  17 kobolds
  5 quokkas
  6 ball pythons
  5 frilled lizards
  7 rats
208 creatures vanquished.

Vanquished Creatures (collateral kills)
  2 gnolls (D:5)
2 creatures vanquished.

Grand Total: 210 creatures vanquished

Notes
Turn   | Place    | Note
-------+----------+-------------------------------------------
     0 | D:1      | Graphine the Merfolk Brigand began the quest for the Orb.
     0 | D:1      | Reached XP level 1. HP: 16/16 MP: 1/1
   308 | D:1      | Reached skill level 2 in Dodging
   308 | D:1      | Reached XP level 2. HP: 22/22 MP: 2/2
   824 | D:2      | Reached XP level 3. HP: 28/28 MP: 3/3
   835 | D:2      | Reached XP level 4. HP: 28/34 MP: 4/4
   866 | D:2      | Reached skill level 3 in Dodging
  1384 | D:2      | Identified a scroll of acquirement
  1384 | D:2      | Acquired the scarf "Vipytiru" {+Inv, -Cast *Slow rC+++ rN+}
  1474 | D:3      | Reached XP level 5. HP: 40/40 MP: 5/5
  1474 | D:3      | Noticed a black bear
  1485 | D:3      | Killed a black bear
  1486 | D:3      | Reached skill level 5 in Stealth
  1508 | D:3      | Reached skill level 4 in Dodging
  1658 | D:3      | Noticed Sigmund
  1673 | D:3      | Killed Sigmund
  1674 | D:3      | Reached skill level 1 in Evocations
  1674 | D:3      | Reached XP level 6. HP: 37/48 MP: 6/6
  1729 | D:3      | Found a radiant altar of Vehumet.
  2312 | D:4      | Reached XP level 7. HP: 36/53 MP: 7/7
  2471 | D:4      | Found a snail-covered altar of Cheibriados.
  2471 | D:4      | Found an ornate altar of the Wu Jian Council.
  2471 | D:4      | Found a stormy altar of Qazlal.
  2478 | D:4      | Became a worshipper of the Wu Jian Council
  2511 | D:5      | Entered Level 5 of the Dungeon
  2726 | D:4      | Reached skill level 5 in Short Blades
  2726 | D:4      | Reached skill level 1 in Ice Magic
  2745 | D:4      | Reached skill level 5 in Dodging
  2745 | D:4      | Reached skill level 1 in Hexes
  2988 | D:4      | Reached XP level 8. HP: 61/61 MP: 7/9
  2991 | D:4      | Learned a level 2 spell: Ensorcelled Hibernation
  3195 | D:5      | Reached skill level 1 in Spellcasting
  3339 | D:5      | Reached * piety under Wu Jian
  3906 | D:5      | Reached skill level 5 in Fighting
  3906 | D:5      | Reached skill level 6 in Dodging
  5142 | D:6      | Found a white marble altar of Elyvilon.
  5203 | D:6      | Reached XP level 9. HP: 49/68 MP: 11/11
  5407 | D:6      | Found a staircase to the Ecumenical Temple.
  5646 | D:6      | Noticed a hornet
  5651 | D:6      | Killed a hornet
  5847 | D:7      | Found Heacridgh's Antique Weapon Emporium.
  5847 | D:7      | Found Cacekkuy's Distillery.
  5849 | D:7      | Found Zapisur's Jewellery Emporium.
  5869 | D:7      | Found Lim Omu's Magic Scroll Emporium.
  6112 | D:7      | Reached skill level 7 in Dodging
  6144 | D:7      | Noticed Prince Ribbit
  6151 | D:7      | Killed Prince Ribbit
  7010 | D:8      | Noticed a centaur warrior
  7013 | D:8      | Reached skill level 5 in Ice Magic
  7013 | D:8      | Reached XP level 10. HP: 77/77 MP: 13/13
  7014 | D:8      | Reached ** piety under Wu Jian
  7024 | D:8      | HP: 3/77 [centaur warrior/arrow (11)]
  7025 | D:8      | Killed a centaur warrior
  7026 | D:8      | Reached skill level 8 in Dodging
  7026 | D:8      | Reached skill level 5 in Hexes
  7334 | D:8      | Noticed a cyan ugly thing
  7339 | D:8      | HP: 3/77 [cyan ugly thing (12)]
  7672 | D:8      | Noticed a two-headed ogre
  7677 | D:8      | Killed a two-headed ogre
  7941 | D:8      | Killed a cyan ugly thing
  8250 | D:8      | Noticed a boulder beetle
  8254 | D:8      | Killed a boulder beetle
  8255 | D:8      | Reached skill level 5 in Throwing
  8473 | D:8      | Found a broken altar of Ashenzari.
  8915 | D:7      | Bought a runed rapier for 210 gold pieces
  8973 | D:9      | Found Ejeruxod's Armour Emporium.
  8973 | D:9      | Found a staircase to the Orcish Mines.
  8993 | D:9      | Reached skill level 9 in Dodging
  8993 | D:9      | Reached XP level 11. HP: 84/84 MP: 14/16
  9003 | D:9      | Found Dopheol's Weapon Emporium.
  9009 | D:9      | Bought a scarf of invisibility for 132 gold pieces
  9505 | D:9      | Noticed a two-headed ogre
  9516 | D:9      | Killed a two-headed ogre
  9624 | D:9      | Found Pyjiyrit's Weapon Shoppe.
  9866 | D:9      | Reached *** piety under Wu Jian
  9906 | D:10     | Entered Level 10 of the Dungeon
  9921 | D:10     | Found a hide-covered altar of Uskayaw.
  9928 | D:10     | Learned a level 1 spell: Slow
 10023 | D:10     | Learned a level 3 spell: Confusing Touch
 10027 | D:10     | Learned a level 3 spell: Tukima's Dance
 10084 | D:10     | Reached skill level 1 in Armour
 10257 | D:10     | Paralysed by a floating eye for 4 turns
 10474 | D:10     | Noticed a two-headed ogre
 10495 | D:10     | Killed a two-headed ogre
 10539 | D:10     | Found a staircase to the Lair.
 10550 | D:10     | Found a shadowy altar of Dithmenos.
 10571 | D:10     | Engulfed by a cloud of poison gas

Illustrated notes

Levels and vault maps discovered:
D:1:      roderic_crossed_star, layout_basic
D:2:      layout_rooms, minmay_misc_feat_cross, minmay_pentomino_r2
D:3:      layout_loops_ring, mainiacjoe_overflow_paths, minmay_pentomino_pile,
          uniq_sigmund
D:4:      minmay_clustersquares, layout_cave_pools,
          gammafunk_temple_overflow_claw
D:5:      layout_basic
D:6:      layout_basic, elyvilon_altar_4, minmay_temple_entry_trees,
          hangedman_decor_opposing
D:7:      layout_loops_ring, serial_shops, nicolae_shop_behind_doors,
          minmay_misc_feat_diagonals, chequers_mini_garden,
          nicolae_shop_distant_corner_stores, uniq_prince_ribbit1
D:8:      wad_statue_garden, layout_basic, general_overflow_altar,
          serial_bayou_lagoon_a, kennysheep_nondescript
D:9:      layout_roguey, orc_david_3, serial_shops, shop
D:10:     layout_gridville, nicolae_dithmenos_shadow_blocks,
          mainiacjoe_overflow_brackets, lair_entry_dummy,
          minmay_misc_feat_enclosed, onia_ninara_cookie

Skill      XL: |  1  2  3  4  5  6  7  8  9 10 11 |
---------------+----------------------------------+-----
Dodging        | 2 3 4 5 6 7 9 |  9.8
Short Blades   | 3 4 5 6 7 |  7.8
Fighting       | 3 4 5 6 7 8 |  8.0
Stealth        | 5 6 7 |  7.8
Throwing       | 3 4 5 |  5.5
Evocations     | 1 2 3 4 |  4.6
Ice Magic      | 2 3 5 6 |  6.2
Hexes          | 1 3 4 5 6 |  6.0
Spellcasting   | 1 2 3 |  3.9
Armour         | 1 |  1.3
Poison Magic   | |  0.1

Action                     |  1- 3 |  4- 6 |  7- 9 | 10-12 || total
---------------------------+-------+-------+-------+-------++-------
  Melee: Dagger            |     2 |    33 |       |       ||    35
         Short sword       |       |    61 |   250 |    24 ||   335
         Punch             |       |       |     5 |     3 ||     8
         Tailslap          |       |       |     1 |     8 ||     9
         Rapier            |       |       |       |   197 ||   197
   Fire: Sling             |    31 |     8 |       |       ||    39
  Throw: Dart              |     4 |    34 |    11 |     4 ||    53
         Throwing net      |       |     1 |     2 |       ||     3
         Boomerang         |       |       |     3 |     3 ||     6
   Cast: Ensorcelled Hiber |       |       |    48 |    82 ||   130
         Slow              |       |       |       |     4 ||     4
         Confusing Touch   |       |       |       |     4 ||     4
Ability: Lunge             |       |       |    25 |    16 ||    41
         Whirlwind         |       |       |     2 |       ||     2
  Evoke: Wand              |       |       |     7 |     9 ||    16
    Use: Scroll            |       |     5 |     2 |     7 ||    14
         Potion            |       |     1 |     2 |     2 ||     5
   Stab: Sleeping          |       |    14 |    26 |    39 ||    79
         Distracted        |       |     1 |     2 |       ||     3
         Held in net/web   |       |       |     2 |       ||     2
         Confused          |       |       |       |     2 ||     2
 Armour: Robe              |     3 |    18 |    53 |     2 ||    76
         Troll leather arm |       |       |       |    51 ||    51
  Dodge: Dodged            |     4 |    54 |   194 |   187 ||   439
